 Dungeon Crawl Stone Soup version 0.31.0-11-ge490571c62 (webtiles) character file.

Game seed: 16737611590695252580

67 Gadfly the Insei (level 3, 0/29 HPs)
             Began as a Demonspawn Monk on Jan 28, 2024.
             Killed by divine providence
             ... invoked by an orc priest
              (9 damage)
             ... on level 3 of the Dungeon.
             The game lasted 00:02:35 (1621 turns).

Gadfly the Insei (Demonspawn Monk)                  Turns: 1621, Time: 00:02:37

Health: 0/29       AC:  5    Str: 13    XL:     3   Next: 98%
Magic:  3/3        EV: 13    Int: 10    God:
Gold:   114        SH:  0    Dex: 15    Spells: 2/2 levels left

rFire   . .          .
                       - Unarmed
rCold   . . .        c - orb {light}
rNeg    . . .        a - +1 robe
rPois   .            f - +0 helmet
rElec   .            (no cloak)
rCorr   .            (no gloves)
SInv    .            e - +0 pair of boots
Will    .....        (no amulet)
Stlth   +            (no ring)
HPRegen 0.24/turn    (no ring)
MPRegen 0.08/turn

%: no passive effects
@: glowing
A: demonic guardian 1
a: no special abilities


You were on level 3 of the Dungeon.
You visited 1 branch of the dungeon, and saw 3 of its levels.

You collected 114 gold pieces.

Inventory:

Armour
 a - a +1 robe (worn)
 c - an orb of light (worn)
 e - a +0 pair of boots (worn)
 f - a +0 helmet (worn)
Scrolls
 d - a scroll of identify
Potions
 h - 2 potions of curing


   Skills:
 - Level 3.0 Fighting
 + Level 3.0 Dodging
 + Level 3.1 Unarmed Combat
 * Level 1.8 Evocations
 * Level 1.6 Shapeshifting


You had 2 spell levels left.
You didn't know any spells.
Your spell library contained the following spells:

 Spells                   Type           Power      Damage    Failure   Level
 Mercury Vapours          Alch/Air       0%         N/A       50%         2
 Mephitic Cloud           Conj/Alch/Air  0%         N/A       75%         3
 Freezing Cloud           Conj/Ice/Air   0%         6-21      100%        5


Dungeon Overview and Level Annotations

Branches:
Dungeon (3/15)

Altars:

Shops:
D:1 [

Annotations:
D:3 Grinder


Innate Abilities, Weirdness & Mutations

A weak demonic guardian rushes to your aid.


Message History

Grinder completely resists.
You can move again.
The endoplasm completely misses you. Grinder hits your white imp!
Your white imp barely misses Grinder.
The iguana attacks as it pursues you! The iguana barely misses you.
The endoplasm attacks as it pursues you!
The endoplasm hits you but does no damage.
Something hits your white imp!
Your white imp dies!
Your white imp disappears in a puff of smoke!
Grinder blinks!
The iguana attacks as it pursues you! The iguana barely misses you.
The endoplasm attacks as it pursues you!
The endoplasm closely misses you.
There is a stone staircase leading up here.
The endoplasm attacks as it pursues you!
The endoplasm misses you. The iguana barely misses you.
The iguana bites you but does no damage.
The iguana attacks as it pursues you! The iguana closely misses you.
The endoplasm jiggles.
Things that are here:
a rat corpse; an adder corpse The endoplasm completely misses you.
The endoplasm attacks as it pursues you!
The endoplasm closely misses you.
The endoplasm attacks as it pursues you!
The endoplasm hits you but does no damage.
The endoplasm attacks as it pursues you!
The endoplasm barely misses you.
The endoplasm attacks as it pursues you!
The endoplasm closely misses you.
The endoplasm attacks as it pursues you!
The endoplasm closely misses you.
An orc priest and 2 orcs come into view.
Found a scroll of identify.
The orc shouts! x2; You hear a shout!
An orc priest comes into view. It is wielding a +0 flail.
The orc priest calls down the wrath of Beogh upon you.
Beogh smites you!
You die...

.#...# †#...#
..o...... .†...#
o.......# .#...#
..o.....# .#...#
..o.....# .# .##.##
......# ..# .##..#
....##<.# ###..###
#......# #....####
#.@....#
....##....#####......#
#########....lJ......#
######.......#
##......# #......#
#...†..#
##.....############
###.####.........#


You could see an iguana, 2 orc priests, 2 orcs and an endoplasm.

Vanquished Creatures
  4 adders
  7 endoplasms
  2 giant cockroaches
  2 goblins (D:2)
  3 hobgoblins
  2 quokkas (D:1)
  A ball python (D:3)
  A bat (D:2)
  4 frilled lizards
  2 kobolds
  4 rats
  A butterfly (D:2)
33 creatures vanquished.

Notes
Turn   | Place    | Note
-------+----------+-------------------------------------------
     0 | D:1      | Gadfly the Demonspawn Monk began the quest for the Orb.
     0 | D:1      | Reached XP level 1. HP: 18/18 MP: 1/1
   193 | D:1      | Found Oduvier's Antique Armour Shop.
   309 | D:1      | Gained mutation: A weak demonic guardian rushes to your
                  | aid. [demonic ancestry]
   309 | D:1      | Reached XP level 2. HP: 10/24 MP: 2/2
   551 | D:1      | Reached skill level 1 in Evocations
   763 | D:2      | Found a faded altar of an unknown god.
   808 | D:2      | Reached skill level 1 in Shapeshifting
  1163 | D:2      | Reached XP level 3. HP: 26/29 MP: 3/3
  1574 | D:3      | Noticed Grinder
  1586 | D:3      | HP: 1/29 [endoplasm (3)]
  1590 | D:3      | Paralysed by Grinder for 5 turns
  1621 | D:3      | Killed from afar by an orc priest

Illustrated notes

Levels and vault maps discovered:
D:1:      spicycebolla_arrival_clurvy, layout_basic, serial_shops, shop
D:2:      layout_basic, basic_ecumenical_altar, hex_medium
D:3:      layout_basic, hangedman_decor_points, uniq_grinder

Skill      XL: |  1  2  3 |
---------------+----------+-----
Evocations     | 1 |  1.8
Shapeshifting  | 1 |  1.6
Unarmed Combat | 3 |  3.1
Dodging        | 3 |  3.0
Fighting       | |  3.0

Action                     || total
---------------------------++-------
  Melee: Unarmed           ||   127
    Use: Scroll            ||     4
         Potion            ||     1
 Armour: Robe              ||    62
  Dodge: Dodged            ||    86
